Map: Chantier naval orbital

Players

Plutonun - Winner!

  • Race: Protoss Protoss
  • League: Silver

Serpent

  • Race: Protoss Protoss
  • League: Silver

VOD

Have the link to the VOD?

Description

Time

  • Played on: Nov. 11, 2015, 11:39 a.m.
  • Length: 5:05
Show
View Real Time Build Order
Export as new Build Order

Plutonun Protoss - Winner!

Build Orders:  

Get SALT Encoding   

  12  0:01  Probe (Chrono Boost)  
  13  0:11  Probe (Chrono Boost)  
  14  0:19  Pylon  
  14  0:22  Probe (Chrono Boost)  
  15  0:37  Probe (Chrono Boost)  
  16  0:47  Gateway  
  16  0:48  Probe (Chrono Boost)  
  16  0:49  Assimilator  
  17  0:55  Assimilator  
  17  0:58  Probe (Chrono Boost)  
  18  1:09  Probe (Chrono Boost)  
  19  1:20  Probe (Chrono Boost)  
  20  1:27  Pylon  
  20  1:30  Probe (Chrono Boost)  
  21  1:35  Cybernetics Core  
  21  1:43  Probe (Chrono Boost)  
  22  1:53  Probe (Chrono Boost)  
  23  2:04  Probe (Chrono Boost)  
  24  2:12  Gateway  
  24  2:13  Robotics Facility  
  24  2:14  Probe (Chrono Boost)  
  25  2:17  Stalker  
  25  2:21  Warp Gate (Chrono Boost)  
  27  2:28  Mothership Core  
  29  2:35  Pylon  
  29  2:55  Stalker  
  31  3:01  Stalker  
  37  3:05  Immortal  
  37  3:13  Gateway  
  37  3:20  Pylon  
  37  3:47  Immortal (Chrono Boost)  
  41  4:01  Pylon  
  41  4:07  Pylon  
  38  4:22  Stalker x2  
  38  4:23  Stalker  
  48  4:31  Immortal (Chrono Boost)  
  45  4:59  Stalker x3  
Show
View Real Time Build Order
Export as new Build Order

Serpent Protoss 

Build Orders: Oracle Opening 

Get SALT Encoding   

  12  0:01  Probe (Chrono Boost)  
  13  0:12  Probe (Chrono Boost)  
  14  0:19  Pylon  
  14  0:24  Probe (Chrono Boost)  
  15  0:38  Gateway  
  15  0:43  Assimilator  
  15  0:49  Assimilator  
  15  0:50  Probe (Chrono Boost)  
  16  1:01  Probe (Chrono Boost)  
  17  1:13  Probe (Chrono Boost)  
  18  1:23  Probe (Chrono Boost)  
  19  1:29  Cybernetics Core  
  19  1:34  Probe (Chrono Boost)  
  19  1:39  Pylon  
  20  1:45  Probe (Chrono Boost)  
  21  1:51  Pylon  
  21  2:09  Stargate  
  21  2:14  Stalker  
  23  2:16  Warp Gate  
  23  2:18  Probe (Chrono Boost)  
  24  2:28  Probe (Chrono Boost)  
  25  2:37  Gateway  
  25  2:54  Oracle (Chrono Boost)  
  27  3:05  Nexus  
  27  3:15  Zealot  
  29  3:22  Mothership Core  
  31  3:29  Oracle (Chrono Boost)  
  34  3:43  Probe  
  35  3:53  Pylon  
  35  3:56  Probe, Robotics Facility  
  36  4:08  Probe  
  37  4:20  Probe  
  31  4:39  Zealot  
  31  4:40  Zealot  
Tags
 
Add a new tag
Caveats
  • Supply blocks, unpowered buildings, or Contaminate may cause inaccurate times.
  • Supply counts are checked every 10 seconds.